 Dungeon Crawl Stone Soup version 0.25-a0-667-gb977e01cb5 (webtiles) character file.

Game seed: 13660467170364477101, levelgen mode: deterministic

22 sanka the Sneak (level 2, -4/14 HPs)
             Began as a Felid Wanderer on Mar 27, 2020.
             Slain by a kobold
             ... wielding a +0 dagger
              (5 damage)
             ... on level 2 of the Dungeon.
             The game lasted 00:02:07 (1428 turns).

sanka the Sneak (Felid Wanderer)                    Turns: 1428, Time: 00:02:07

Health: -4/14      AC:  1    Str:  8    XL:     2   Next: 68%
Magic:  3/3        EV: 18    Int: 12    God:
Gold:   20         SH:  0    Dex: 16    Spells: 1/1 levels left
                                        Lives:  0   Deaths: 0

rFire    . . .     SeeInvis +     - Unarmed
rCold    . . .     Gourm    .   (shield unavailable)
rNeg     . . .     Faith    .   (armour unavailable)
rPois    .         Spirit   .   (helmet unavailable)
rElec    .         Reflect  .   (cloak unavailable)
rCorr    .         Harm     .   (gloves unavailable)
MR       .....                  (boots unavailable)
Stlth    ++........             (no amulet)
HPRegen  0.04/turn              d - ring of attention (curse)
MPRegen  0.08/turn              (no ring)

@: quick
A: very small, no armour, no weapons or thrown items, stealth, claws 1, fangs 3,
see invisible, carnivore, speed 1, shaggy fur 1, slow metabolism 1, sharp paws
a: no special abilities


You were on level 2 of the Dungeon.
You were completely stuffed.

You visited 1 branch of the dungeon, and saw 2 of its levels.

You collected 20 gold pieces.


Innate Abilities, Weirdness & Mutations

You cannot wear armour.
You are incapable of wielding weapons or throwing items.
Your paws allow you to move quietly. (Stealth)
You have sharp claws.
You have razor-sharp teeth.
You have supernaturally acute eyesight. (SInv)
You are carnivorous and can eat meat at any time.
You cover ground quickly.
You are covered in fur. (AC +1)
You have a slow metabolism.
Your sharp claws are effective at attacking unaware monsters.


   Skills:
 - Level 3.0 Fighting
 - Level 3.1 Dodging
 - Level 4.0 Stealth
 + Level 3.1 Unarmed Combat


You had one spell level left.
You didn't know any spells.
Your spell library was empty.

Inventory:

Jewellery
 d - a cursed ring of attention (left paw)
Scrolls
 a - 5 scrolls of fear
 e - 6 scrolls of identify {unknown}
 j - a scroll of teleportation {unknown}
Potions
 b - 3 potions of curing {@q1}
 f - a potion of cancellation {unknown}
 g - a potion of heal wounds {unknown}
 h - 2 potions of lignification {unknown}
Comestibles
 c - 5 rations

Dungeon Overview and Level Annotations

Branches:
Dungeon (2/15)

Altars:

▒▒▒▒ ▒▒▒ ▒..▒▒▒.▒▒▒
.........▒ ▒
▒..▒▒..▒.▒ ▒.
▒..▒...▒.▒
▒.▒▒▒▒▒▒▒▒▒..▒.▒.▒.▒
...▒......b.▒.....▒
▒▒▒.▒h▒▒▒▒▒▒.▒▒▒.▒▒▒▒▒
▒...K.....)▒..........
▒.▒.▒.▒▒▒▒.▒..▒▒.▒▒▒▒▒
▒.▒.▒.▒ ▒..▒..▒
▒.▒.▒.▒ ▒..▒.▒▒
▒...▒.▒ ▒.)▒.▒ ▒▒▒▒▒.▒
▒▒.▒▒▒▒.▒▒▒▒▒▒ ...
▒............. ..▒
▒▒▒▒▒▒▒.▒▒▒▒▒▒


You could see a bat and a kobold.


Message History

c - 5 rations (gained 1)
Found a dagger.
A kobold comes into view. It is wielding a +0 dagger.
The kobold shouts!
The kobold hits you with a +0 dagger.
You scratch the kobold.
The kobold is moderately wounded.
The kobold closely misses you.
You miss the kobold.
The kobold is moderately wounded.
The kobold hits you with a +0 dagger.
You barely miss the kobold. Your claw misses the kobold.
You bite the kobold, but do no damage.
The kobold is moderately wounded.
The kobold completely misses you.
You scratch the kobold. You bite the kobold, but do no damage.
The kobold is severely wounded.
The kobold hits you with a +0 dagger.
* * * LOW HITPOINT WARNING * * *
You closely miss the kobold.
The kobold is severely wounded.
You closely miss the kobold.
The kobold is severely wounded.
The kobold hits you with a +0 dagger.
* * * LOW HITPOINT WARNING * * *
A bat comes into view.
The kobold hits you with a +0 dagger.
You die...

Action                   || total
-------------------------++-------
Melee: Unarmed           ||    73
       Bite              ||     8
 Stab: Distracted        ||     1
  Eat: Chunk             ||     8
Armor: Skin              ||     1
Dodge: Dodged            ||    54

Levels and vault maps discovered:
D:1:      dpeg_arrival_circle_labyrinth_c, layout_basic, minmay_tripent
D:2:      layout_basic, lemuel_coloured_pillars_altar, first_ration,
          minmay_hexomino_c4

Notes
Turn   | Place    | Note
-------+----------+-------------------------------------------
     0 | D:1      | sanka the Felid Wanderer began the quest for the Orb.
     0 | D:1      | sanka set off with the following items: 2 scrolls of fear,
                  | 2 potions of curing {@q1}, a ration
     0 | D:1      | Reached XP level 1. HP: 10/10 MP: 2/2
   182 | D:1      | Reached skill level 3 in Dodging
   644 | D:1      | Reached XP level 2. HP: 13/14 MP: 3/3
   990 | D:2      | Reached skill level 3 in Unarmed Combat
  1081 | D:2      | HP: 1/14 [jackal (2)]
  1421 | D:2      | HP: 1/14 [kobold/+0 dagger (4)]
  1428 | D:2      | Slain by a kobold

Vanquished Creatures
  An ooze (D:1)
  A dart slug (D:1)
  2 bats (D:1)
  A giant cockroach (D:1)
  A goblin (D:1)
  A hobgoblin (D:1)
  2 jackals (D:2)
  4 frilled lizards
  A kobold (D:1)
  2 rats
16 creatures vanquished.
